 Dungeon Crawl Stone Soup version 0.31.0-32-g396128a36d (webtiles) character file.

Game seed: 2995069177710287922

1519 zoopyjoobles the Trooper (level 8, -14/73 HPs)
             Began as a Hill Orc Hunter on Jan 21, 2024.
             Was a Priest of Beogh.
             Demolished by an ogre
             ... wielding a +0 giant club
              (29 damage)
             ... on level 6 of the Dungeon on Apr 6, 2024.
             The game lasted 00:19:21 (5521 turns).

zoopyjoobles the Trooper (Hill Orc Hunter)          Turns: 5521, Time: 00:19:22

Health: -14/73     AC: 11    Str: 16    XL:     8   Next: 84%
Magic:  8/8        EV: 12    Int:  9    God:    Beogh [***...]
Gold:   300        SH:  0    Dex: 16    Spells: 7/7 levels left

rFire   . . .        d - +7 hand axe "Nuofuink" {venom, rN+ Str+2 Stlth-}
rCold   + . .        (no shield)
rNeg    + . .        x - +3 leather armour {rC+}
rPois   .            g - +2 helmet
rElec   .            (no cloak)
rCorr   .            v - +0 pair of gloves
SInv    .            (no boots)
Will    .....        (no amulet) Stlth
                     (no ring)
HPRegen 0.32/turn    (no ring)
MPRegen 0.11/turn

%: no passive effects
@: hasted, very quick
A: no striking features
a: Renounce Religion, Smiting


You were on level 6 of the Dungeon.
You worshipped Beogh.
Beogh was most pleased with you.
You visited 1 branch of the dungeon, and saw 6 of its levels.

You collected 300 gold pieces.

Inventory:

Hand Weapons
 d - the +7 hand axe "Nuofuink" (weapon) {venom, rN+ Str+2 Stlth-}
   (You found it on level 3 of the Dungeon)

   Str+2:     It affects your strength (+2).
   rN+:       It protects you from negative energy.
   Stlth-:    It makes you less stealthy.
 t - a +0 orcbow
 w - the +6 whip "Yneabb" {speed, Fly}
   (You found it on level 5 of the Dungeon)

   Fly:       It grants you flight.
Missiles
 p - a throwing net (quivered)
Armour
 g - a +2 helmet (worn)
 l - a +0 ring mail
 v - a +0 pair of gloves (worn)
 x - a +3 leather armour of cold resistance (worn)
Jewellery
 f - a ring of wizardry
 q - a +4 ring of protection
 r - an amulet of guardian spirit
Scrolls
 a - a scroll of identify
 o - a scroll of enchant armour
 s - a scroll of immolation
 u - a scroll of teleportation
 y - a scroll of enchant weapon
Potions
 b - a potion of brilliance {unknown}
 c - 2 potions of attraction {unknown}
 e - a potion of berserk rage {unknown}
 m - 2 potions of curing
 n - 3 potions of lignification {unknown}


   Skills:
 + Level 7.2 Fighting
 - Level 0.9(1.1) Short Blades
 - Level 1.0(1.2) Long Blades
 + Level 6.7 Axes
 - Level 5.4 Ranged Weapons
 + Level 5.3 Armour
 - Level 2.5 Dodging
 - Level 0.7 Stealth


You had 7 spell levels left.
You didn't know any spells.
Your spell library contained the following spells:

 Spells                   Type           Power      Damage    Failure   Level
 Apportation              Tloc           0%         N/A       43%         1
 Magic Dart               Conj           0%         1d3       43%         1
 Blink                    Tloc           0%         N/A       58%         2
 Call Imp                 Summ           0%         N/A       58%         2
 Ensorcelled Hibernation  Hex/Ice        0%         N/A       58%         2
 Jinxbite                 Hex            0%         N/A       58%         2
 Fugue of the Fallen      Necr           0%         N/A       82%         3
 Anguish                  Hex/Necr       0%         N/A       99%         4
 Alistair's Intoxication  Alch           0%         N/A       100%        5
 Yara's Violent Unravell  Hex/Alch       0%         3d3       100%        5
 Enfeeble                 Hex            0%         N/A       100%        7


Dungeon Overview and Level Annotations

Branches:
Dungeon (6/15)             Temple (0/1) D:5

Altars:
Fedhas
Kikubaaqudgha
Okawaru
Ru
Sif Muna
Zin
The Shining One

Shops:
D:4 !   D:6 ?

Annotations:
D:4 2 transporters
D:6 Blork the orc


Message History

You hit Blork the orc but do no damage.
Blork the orc is moderately wounded.
You hit the ice beast.
Blork the orc hits you but does no damage.
The gnoll sergeant completely misses you.
The ice beast hits you but does no damage.
The gnoll barely misses you.
You closely miss Blork the orc.
Blork the orc is moderately wounded.
You barely miss the ice beast. You closely miss the gnoll.
You kill the ice beast!
Beogh accepts your kill.
The gnoll sergeant hits you from afar with a +0 spear!
Blork the orc hits you but does no damage.
The gnoll throws a throwing net.
The throwing net hits you.
You become entangled in the net!
The gnoll hits you but does no damage.
You tear a large gash into the net.
Blork the orc hits you with a +0 mace.
The gnoll sergeant hits you from afar with a +0 spear.
The gnoll hits you but does no damage. The gnoll barely misses you.
Unknown command.
You struggle against the net.
Blork the orc hits you but does no damage.
The gnoll sergeant hits you from afar with a +0 spear.
The gnoll hits you from afar with a +0 halberd.
The gnoll hits you with a +0 whip.
You shred the net and break free!
Blork the orc points at you and mumbles some strange words.
The puff of flame hits you!
* * * LOW HITPOINT WARNING * * *
The gnoll sergeant hits you but does no damage.
The gnoll hits you with a +0 whip.
* * * LOW HITPOINT WARNING * * *
The ogre barely misses you. The gnoll closely misses you.
Okay, then.
You feel yourself speed up. Blork the orc closely misses you.
The gnoll sergeant hits you but does no damage.
The gnoll hits you but does no damage. x2
The ogre attacks as it pursues you!
The ogre hits you with a +0 giant club!!
You die...

..#.$..$#...##...........
..#.$$$.#...##...........
..#$$_..#.###............
..#...$.#...#.........##.
#.#.....#............##
.###+###.###........##
.....##..........#. .
.$...............
........O@....#..
#..##....))....# #.
#..g.gog...... .
................
................
......##....#... #....#
##....... #...# #......
.... .....


You could see Blork the orc, an ogre, a gnoll sergeant and 2 gnolls.

Vanquished Creatures
  The ghost of melchizedek the Insei, an amateur OpSh of Dithmenos (D:5)
  A black bear (D:5)
  2 ice beasts (D:6)
  An ogre (D:5)
  A gnoll sergeant (D:6)
  A scorpion (D:5)
  A bombardier beetle (D:3)
  A crimson imp (D:5)
  3 orc priests
  3 hounds
  2 jellies
  2 iguanas
  3 orc wizards
  12 adders
  24 gnolls
  3 dart slugs
  27 orcs
  8 ball pythons
  6 endoplasms
  4 goblins
  8 hobgoblins
  7 jackals
  8 kobolds
  3 quokkas
  2 bats
  3 frilled lizards
  A goblin skeleton (D:5)
  A goblin zombie (D:5)
  4 hobgoblin zombies (D:5)
  A kobold skeleton (D:5)
  A kobold zombie (D:5)
  An orc zombie (D:5)
  7 rats
153 creatures vanquished.

Notes
Turn   | Place    | Note
-------+----------+-------------------------------------------
     0 | D:1      | zoopyjoobles the Hill Orc Hunter began the quest for the
                  | Orb.
     0 | D:1      | Reached XP level 1. HP: 18/18 MP: 1/1
   209 | D:1      | Reached XP level 2. HP: 25/25 MP: 2/2
   838 | D:2      | Reached XP level 3. HP: 30/30 MP: 3/3
   949 | D:2      | Found an iron altar of Okawaru.
  1002 | D:2      | Reached skill level 5 in Ranged Weapons
  1002 | D:2      | Reached XP level 4. HP: 24/37 MP: 4/4
  1513 | D:1      | Upgraded the game from 0.31.0-4-g52a2dc7128 to
                  | 0.31.0-32-g396128a36d
  1558 | D:2      | Became a worshipper of Beogh the Brigand
  1680 | D:2      | Reached XP level 5. HP: 20/42 MP: 5/5
  1831 | D:2      | Reached skill level 1 in Long Blades
  1997 | D:3      | Reached skill level 3 in Fighting
  2306 | D:3      | Identified the +7 hand axe "Nuofuink" {venom, rN+ Str+2
                  | Stlth-}
  2503 | D:3      | Reached * piety under Beogh
  2599 | D:3      | Reached skill level 1 in Axes
  2599 | D:3      | Reached XP level 6. HP: 36/51 MP: 6/6
  2817 | D:3      | Found a shimmering blue altar of Sif Muna.
  3110 | D:4      | Found a transporter.
  3128 | D:4      | Found a transporter.
  3193 | D:4      | Found Ysua's Distillery.
  3308 | D:4      | Found a sacrificial altar of Ru.
  3336 | D:4      | Reached skill level 4 in Fighting
  3347 | D:4      | Reached skill level 1 in Armour
  3733 | D:4      | Reached XP level 7. HP: 56/60 MP: 7/7
  3876 | D:5      | Entered Level 5 of the Dungeon
  3876 | D:5      | Found a glowing silver altar of Zin.
  3915 | D:5      | Reached ** piety under Beogh
  4077 | D:5      | Found an ancient bone altar of Kikubaaqudgha.
  4103 | D:5      | Reached skill level 5 in Fighting
  4203 | D:5      | Found a runed translucent gate.
  4203 | D:5      | Found a runed translucent gate.
  4203 | D:5      | Found a runed translucent gate.
  4203 | D:5      | Noticed melchizedek's ghost (amateur OpSh)
  4206 | D:5      | Identified the +6 whip "Yneabb" {speed, Fly}
  4223 | D:5      | Killed melchizedek's ghost
  4270 | D:5      | Reached XP level 8. HP: 70/70 MP: 8/8
  4289 | D:5      | Reached skill level 5 in Axes
  4367 | D:5      | Found a glowing golden altar of the Shining One.
  4373 | D:5      | Reached skill level 6 in Fighting
  4415 | D:5      | Found a staircase to the Ecumenical Temple.
  4702 | D:6      | Found an iron altar of Okawaru.
  4953 | D:6      | Found Fyhediw's Magic Scroll Emporium.
  5037 | D:6      | Reached *** piety under Beogh
  5411 | D:6      | Found a blossoming altar of Fedhas.
  5478 | D:6      | Reached skill level 5 in Armour
  5505 | D:6      | Noticed Blork the orc
  5510 | D:6      | Reached skill level 7 in Fighting
  5521 | D:6      | Demolished by an ogre

Illustrated notes

Levels and vault maps discovered:
D:1:      psy_arrival_fountain, layout_loops_ring
D:2:      layout_rooms, basic_altar, minmay_misc_feat_encased,
          hangedman_glass_teeth
D:3:      layout_loops_cross, nicolae_sif_muna_little_library
D:4:      gammafunk_steamed_eel, layout_basic,
          mainiacjoe_overflow_six_doors_small, serial_shops, shop
D:5:      layout_cave_pools, nicolae_tso_besieged_by_evil,
          kiku_gazebo_garden_becter, zin_academy, minmay_temple_entry_offerings,
          ebering_ghost_rock_garden
D:6:      minmay_inner_zag, layout_cave_pools, amcnicky_altar_gilded,
          okawaru_metal_pillars_1_2, serial_gnoll_camp,
          gnoll_camp_mini_loothouse, gnoll_camp_huts_basic,
          gnoll_camp_mini_sergeant, gnoll_camp_mini_shop, st_stairs_12,
          uniq_blork_the_orc, uniq_sigmund

Skill      XL: |  1  2  3  4  5  6  7  8 |
---------------+-------------------------+-----
Ranged Weapons | 4 5 |  5.4
Long Blades    | 1 |  1.0
Fighting       | 3 4 5 7 |  7.2
Dodging        | 2 |  2.5
Axes           | 1 3 4 6 |  6.7
Armour         | 1 3 5 |  5.3
Short Blades   | |  0.9
Stealth        | |  0.7

Action                     |  1- 3 |  4- 6 |  7- 9 || total
---------------------------+-------+-------+-------++-------
  Melee: Long sword        |       |    28 |       ||    28
         Dagger            |       |     4 |       ||     4
         Rapier            |       |    31 |       ||    31
         Hand axe          |       |    77 |   129 ||   206
         Punch             |       |     1 |     3 ||     4
   Fire: Shortbow          |    86 |    50 |       ||   136
         Orcbow            |       |       |    11 ||    11
 Invoke: Convert to Beogh  |       |     1 |       ||     1
    Use: Scroll            |     2 |     5 |     3 ||    10
         Potion            |       |     4 |     1 ||     5
   Stab: Sleeping          |       |     1 |       ||     1
 Armour: Leather armour    |    25 |    84 |    90 ||   199
         Ring mail         |       |    42 |    37 ||    79
  Dodge: Dodged            |    28 |   108 |   107 ||   243
